 Dungeon Crawl Stone Soup version 0.22.1-6-g1668fe2c40 (webtiles) character file.

67 Knorr the Chucker (level 3, -1/35 HPs)
             Began as a Troll Hunter on Jan 7, 2019.
             Slain by a gnoll
             ... wielding a +0 halberd
              (6 damage)
             ... on level 2 of the Dungeon on Jan 26, 2019.
             The game lasted 00:07:25 (1423 turns).

Knorr the Chucker (Troll Hunter)                    Turns: 1423, Time: 00:07:26

Health: -1/35      AC:  5    Str: 21    XL:     3   Next: 98%
Magic:  2/2        EV: 10    Int:  7    God:
Gold:   38         SH:  0    Dex: 10    Spells: 2/2 levels left

rFire    . . .     SeeInvis .   p - +0 long sword
rCold    . . .     Gourm    +   (no shield)
rNeg     . . .     Faith    .   b - +0 robe
rPois    .         Spirit   .   (helmet restricted)
rElec    .         Reflect  .   (no cloak)
rCorr    .         Harm     .   (gloves unavailable)
MR       .....                  (boots unavailable)
Stlth    +.........             l - amulet of rage
HPRegen  0.51/turn              (no ring)
MPRegen  0.08/turn              (no ring)

@: about to teleport
A: large, unfitting armour, claws 3, fast metabolism 3, gourmand, regeneration
1, shaggy fur 1, tough skin 2
a: Evoke Berserk Rage


You were on level 2 of the Dungeon.
You were not hungry.

You visited 1 branch of the dungeon, and saw 2 of its levels.

You collected 38 gold pieces.

Inventory:

Hand Weapons
 p - a +0 long sword (weapon)
Missiles
 d - 4 large rocks (quivered)
 f - 83 stones
 g - a throwing net
 m - 2 javelins
Armour
 b - a +0 robe (worn)
 e - a +0 ring mail
Jewellery
 l - an amulet of rage (around neck)
 o - a +1 ring of evasion {unknown}
Scrolls
 c - 2 scrolls of immolation
 h - 2 scrolls of identify
 i - 2 scrolls of fog {unknown}
Potions
 a - a potion of flight {unknown}
Comestibles
 j - a ration
 n - 2 chunks of flesh


   Skills:
 + Level 2.0 Fighting
 + Level 4.3 Throwing
 + Level 2.2 Dodging
 + Level 0.4 Stealth
 + Level 1.0 Unarmed Combat


You had 2 spell levels left.
You didn't know any spells.
Your spell library was empty.

Dungeon Overview and Level Annotations

Branches:
Dungeon (2/15)

Altars:


Innate Abilities, Weirdness & Mutations

You are too large for most types of armour.
You have claws for hands.
Your metabolism is lightning-fast.
You like to eat raw meat.
Your natural rate of healing is unusually fast.
You are covered in fur. (AC +1)
You have very tough skin. (AC +2)


Message History

You barely miss the gnoll.
The gnoll is lightly wounded.
The jackal misses you.
You riposte.
You hit the jackal.
The jackal is severely wounded.
The jackal barely misses you.
You riposte.
You closely miss the jackal.
The jackal is almost dead.
The gnoll hits you with a halberd!
The jackal bites you but does no damage.
You closely miss the gnoll.
The gnoll is lightly wounded.
The jackal bites you but does no damage. x2
The gnoll hits you with a halberd!
* * * LOW HITPOINT WARNING * * *
The jackal barely misses you.
The jackal bites you but does no damage.
As you read the scroll of teleportation, it crumbles to dust.
You feel strangely unstable.
The jackal bites you but does no damage.
The gnoll hits you with a halberd.
You die...

.#......##........#
*******,,****
##......##........# **,,,,,,
##########........# *,,,,,,, #
#....†...#*******,,,,,,, #####
#.......[#,,,,,,,,,>,***
....#########..####*,,,,,,,,,**
....#..........#,*,*,,,,,,,,,*
....#........†P#+#+#,,,,,,,,,*
...##..........'@g.#,,,,,,,,,*
.........###'.P#hh.#**********
÷........###'..#...#
.........##....#####
..)......##........#
.........##........#
#####...<##........#
#....##........#
#....##........#


You could see a gnoll and 2 jackals.

Vanquished Creatures
  A crimson imp (D:2)
  2 oozes
  A dart slug (D:1)
  2 bats (D:1)
  6 goblins
  3 hobgoblins
  2 frilled lizards (D:1)
  3 kobolds
  4 rats
24 creatures vanquished.

Notes
Turn   | Place    | Note
-------+----------+-------------------------------------------
     0 | D:1      | Knorr the Troll Hunter began the quest for the Orb.
     0 | D:1      | Reached XP level 1. HP: 19/19 MP: 0/0
    63 | D:1      | Reached skill level 4 in Throwing
    63 | D:1      | Reached XP level 2. HP: 11/27 MP: 1/1
   610 | D:1      | Paralysed by fainting for 9 turns
   622 | D:1      | Paralysed by fainting for 8 turns
   636 | D:1      | Paralysed by fainting for 7 turns
   909 | D:1      | Upgraded the game from 0.22.1-5-g62c59d919a to
                  | 0.22.1-6-g1668fe2c40
  1310 | D:2      | Noticed a crimson imp
  1327 | D:2      | Killed a crimson imp
  1327 | D:2      | Reached skill level 1 in Unarmed Combat
  1327 | D:2      | Reached XP level 3. HP: 28/35 MP: 2/2
  1423 | D:2      | Slain by a gnoll

Skill      XL: |  1  2 |
---------------+-------+-----
Throwing       | 4 |  4.3
Fighting       | 2 |  2.0
Dodging        | 2 |  2.2
Unarmed Combat | 1 |  1.0
Stealth        | |  0.4

Action                   || total
-------------------------++-------
Melee: Unarmed           ||    64
       Short sword       ||     2
       Long sword        ||     6
Throw: Large rock        ||     8
       Throwing net      ||     2
  Use: Scroll            ||     7
  Eat: Ration            ||     3
Armor: Robe              ||    70
Dodge: Dodged            ||    79
       Rpst.: Long sword ||     4
